Map: Eastwatch LE

Players

CinDra - Winner!

  • Race: Zerg Zerg
  • League: Gold
  • Spawn Location: 1:00

SanToki

  • Race: Zerg Zerg
  • League: Gold
  • Spawn Location: 7:00

VOD

Have the link to the VOD?

Description

Time

  • Played on: March 5, 2018, 11:18 p.m.
  • Length: 16:45
Show
View Real Time Build Order
Export as new Build Order

CinDra Zerg - Winner!

Build Orders: Hatch First 

Get SALT Encoding   

  12  0:03  Drone  
  13  0:12  Overlord  
  13  0:16  Drone  
  14  0:30  Drone  
  14  0:31  Drone  
  17  0:35  Drone  
  17  0:55  Hatchery  
  17  0:57  Drone  
  17  1:02  Drone  
  18  1:07  Extractor  
  17  1:19  Spawning Pool  
  17  1:23  Drone  
  17  1:26  Drone  
  17  1:31  Drone  
  19  1:39  Overlord  
  19  1:51  Drone  
  20  2:07  Queen x2  
  24  2:08  Zergling x2  
  24  2:10  Zergling x2  
  26  2:16  Overlord  
  26  2:20  Drone  
  27  2:28  Drone  
  27  2:29  Drone  
  29  2:32  Metabolic Boost  
  29  2:36  Drone  
  30  2:52  Queen  
  30  2:54  Overlord  
  30  2:55  Drone x2  
  34  2:58  Drone  
  34  3:03  Overlord  
  35  3:22  Drone x2  
  35  3:23  Drone  
  38  3:30  Hatchery  
  38  3:33  Drone x2  
  38  3:34  Drone x3  
  42  3:52  Baneling Nest  
  41  4:09  Drone x3  
  44  4:10  Zergling x4  
  44  4:11  Zergling x6, Overlord  
  44  4:12  Zergling x4  
  51  4:22  Drone  
  52  4:29  Drone  
  53  4:32  Drone, Overlord  
  53  4:33  Extractor, Drone  
  53  4:34  Drone x3  
  53  4:36  Lair  
  57  4:40  Zergling x2  
  57  4:41  Zergling x2  
  59  4:46  Drone  
  60  5:02  Zergling x4  
  60  5:03  Zergling x14  
  69  5:11  Baneling x4  
  69  5:23  Drone  
  69  5:24  Drone x4  
  69  5:27  Overlord  
  69  5:28  Overlord  
  74  5:46  Roach Warren  
  73  5:50  Extractor  
  73  5:52  Extractor x2  
  73  5:53  Drone x10  
  73  5:54  Extractor  
  79  6:02  Baneling x3  
  79  6:23  Drone x9  
  86  6:31  Roach  
  73  6:38  Queen  
  75  6:55  Roach x7  
  75  6:56  Overlord x4  
  75  6:57  Glial Reconstitution  
  75  6:58  Centrifical Hooks  
  89  7:28  Drone x3  
  89  7:29  Drone  
  95  7:37  Roach x7  
  95  7:38  Roach x2  
  111  7:47  Overlord x2  
  111  7:49  Roach  
  113  7:52  Roach  
  113  7:53  Roach x3  
  113  7:56  Hatchery  
  120  8:09  Zergling x14  
  127  8:21  Evolution Chamber  
  127  8:22  Evolution Chamber  
  127  8:23  Roach x3  
  127  8:24  Roach x3  
  127  8:25  Overlord x4  
  137  8:35  Baneling x13  
  137  8:36  Baneling x7  
  137  8:40  Overlord x5  
  137  8:49  Drone x2  
  137  8:52  Drone  
  137  8:53  Drone x6  
  146  8:58  Drone  
  146  8:59  Drone x4  
  151  9:10  Extractor  
  151  9:12  Drone x4  
  154  9:33  Zerg Missile Weapons Level 1, Zerg Ground Armor Level 1  
  154  9:35  Roach x14  
  182  9:40  Pneumatized Carapace  
  182  9:48  Extractor  
  181  9:53  Drone  
  181  9:55  Roach x7  
  196  10:00  Zergling x4  
  196  10:06  Ravager  
  199  10:50  Infestation Pit  
  182  11:11  Roach  
  182  11:12  Roach x12  
  143  11:26  Hydralisk Den  
  143  11:31  Queen  
  130  11:38  Roach  
  130  11:39  Roach x11  
  152  11:41  Zerg Missile Weapons Level 2, Zerg Ground Armor Level 2  
  152  11:47  Hive  
  138  11:56  Roach  
  138  11:57  Roach x8  
  156  12:06  Roach x7  
  120  12:34  Roach x16  
  146  12:39  Hydralisk  
  146  12:50  Queen x2  
  146  12:51  Queen  
  150  12:52  Roach  
  150  12:53  Roach x4  
  160  13:01  Hydralisk x3  
  166  13:06  Grooved Spines  
  166  13:09  Queen  
  168  13:20  Hydralisk x8  
  168  14:17  Muscular Augments  
  168  14:20  Hatchery  
  161  14:30  Hydralisk  
  161  14:31  Hydralisk x13  
  183  14:42  Lair x2  
  183  14:43  Lair  
  167  15:00  Hydralisk  
  167  15:01  Hydralisk x7  
  173  15:16  Hydralisk x3  
  173  15:17  Hydralisk x11  
  181  15:28  Hydralisk  
  181  15:29  Hydralisk x3  
  189  16:08  Extractor  
  189  16:10  Extractor  
  187  16:14  Hydralisk x6  
  197  16:35  Hatchery  
Show
View Real Time Build Order
Export as new Build Order

SanToki Zerg 

Build Orders: Pool First 

Get SALT Encoding   

  12  0:01  Drone  
  13  0:12  Overlord  
  13  0:17  Drone  
  14  0:32  Drone x2  
  14  0:35  Drone  
  17  0:48  Spawning Pool  
  16  0:50  Extractor  
  16  0:51  Drone  
  16  0:57  Drone  
  17  1:07  Drone  
  18  1:27  Overlord  
  18  1:29  Hatchery  
  17  1:36  Drone  
  18  1:43  Queen  
  20  1:50  Zergling x2  
  20  1:52  Zergling x2  
  22  1:58  Metabolic Boost  
  22  2:04  Drone  
  23  2:19  Queen  
  25  2:38  Baneling Nest  
  25  2:39  Extractor, Drone x3  
  26  2:56  Queen  
  28  3:04  Lair  
  28  3:08  Overlord  
  28  3:10  Overlord  
  28  3:21  Overlord  
  28  3:27  Drone x2  
  28  3:31  Baneling x3  
  28  3:33  Baneling  
  30  3:44  Zergling x6  
  30  3:48  Zergling x2  
  34  4:05  Drone, Roach Warren  
  34  4:06  Drone  
  34  4:08  Drone  
  36  4:22  Drone x3  
  39  4:35  Zergling x6  
  39  4:36  Zergling x4  
  44  4:45  Drone x3  
  47  4:46  Drone  
  48  4:57  Overlord  
  48  4:58  Overlord  
  48  5:02  Drone x2  
  48  5:04  Drone  
  51  5:37  Drone x4  
  51  5:39  Overlord x2  
  51  5:42  Roach x5  
  65  5:43  Roach  
  67  6:00  Drone  
  68  6:05  Hydralisk Den  
  68  6:09  Drone x3  
  68  6:10  Evolution Chamber, Drone  
  70  6:11  Evolution Chamber  
  70  6:13  Hatchery  
  59  6:31  Zergling x4, Roach x3  
  65  6:54  Hydralisk x3  
  65  6:55  Zergling x6, Hydralisk  
  65  7:00  Overlord  
  76  7:13  Extractor  
  76  7:15  Extractor  
  74  7:16  Hydralisk x3  
  80  7:30  Zerg Missile Weapons Level 1, Zerg Ground Armor Level 1  
  80  7:32  Muscular Augments  
  80  7:34  Glial Reconstitution  
  80  7:35  Centrifical Hooks  
  80  7:40  Drone x9  
  89  8:16  Hydralisk  
  89  8:17  Roach x2, Hydralisk  
  89  8:19  Overlord  
  97  8:20  Overlord x9  
  97  8:37  Drone  
  97  8:38  Drone x3  
  97  8:40  Drone  
  102  8:50  Grooved Spines  
  102  8:58  Drone  
  102  9:00  Drone x3  
  102  9:01  Drone x4  
  110  9:07  Spire  
  109  9:10  Infestation Pit  
  109  9:12  Hydralisk x3  
  109  9:13  Zergling x4, Roach x2  
  120  9:46  Hatchery  
  119  9:54  Hive  
  119  9:58  Zerg Ground Armor Level 2  
  119  9:59  Zerg Missile Weapons Level 2  
  119  10:08  Extractor  
  119  10:09  Extractor, Drone x5  
  119  10:10  Drone x2  
  119  10:11  Drone  
  119  10:12  Drone x2  
  127  10:22  Hydralisk  
  127  10:23  Hydralisk, Roach x2, Mutalisk  
  127  10:24  Roach  
  127  10:25  Zergling x8  
  127  10:26  Zergling x4  
  145  10:29  Baneling x3  
  145  10:31  Baneling  
  145  10:49  Zerg Flyer Weapons Level 1  
  145  10:57  Queen  
  145  10:59  Overlord x3  
  145  11:00  Overlord  
  109  11:12  Extractor  
  109  11:13  Extractor  
  95  11:22  Hydralisk  
  95  11:23  Zergling x6, Mutalisk x2, Roach x3, Hydralisk x3  
  95  11:24  Mutalisk  
  107  11:26  Zergling x4  
  101  11:48  Hatchery  
  101  11:53  Drone  
  101  11:58  Drone x12  
  112  12:11  Adrenal Glands  
  104  12:19  Zerg Ground Armor Level 3  
  86  12:23  Queen  
  66  12:38  Zergling x16  
  66  12:39  Zergling x12  
  76  13:07  Queen  
  78  13:12  Mutalisk, Hydralisk  
  78  13:13  Mutalisk x4, Roach x2, Hydralisk x3  
  78  13:14  Roach x2  
  104  13:27  Pneumatized Carapace  
  104  13:30  Extractor  
  104  13:31  Extractor, Hydralisk x2  
  104  13:32  Roach x3  
  108  13:42  Greater Spire  
  92  13:49  Zergling x18  
  67  14:13  Zergling x2  
  67  14:14  Zergling x20  
  71  14:22  Zergling x2  
  69  14:26  Queen  
  46  14:45  Mutalisk  
  46  14:46  Hydralisk x2, Mutalisk  
  51  15:07  Zergling x8  
  51  15:08  Zergling x4  
  49  15:34  Drone x3  
  49  15:49  Hatchery  
  47  16:03  Hatchery  
  46  16:25  Zergling x2  
Tags
 
League
GoldGold
Matchup
ZvZ
Race
Zerg
Spawn Locations
Cross Positions
Add a new tag
Caveats
  • Supply blocks, unpowered buildings, or Contaminate may cause inaccurate times.
  • Supply counts are checked every 10 seconds.